ITL
BIRMINGHAM BARONS @ WABA DUCKS
06/26/2029
 
TOP OF THE 1ST
Birmingham Barons batting - Pitching for Waba Ducks : RHP Sang-joon Pak
Pitching: RHP Sang-joon Pak
Batting: LHB Marcos Féliz 0-0: Swinging Strike
0-1: Ball
1-1: Called Strike
1-2: Ball
2-2: Ball
3-2: Strikes out swinging
Batting: RHB Warren Martin 0-0: Swinging Strike
0-1: Ball
1-1: Swinging Strike
1-2: Ball
2-2: Foul Ball, location: 2F
2-2: Strikes out looking
Batting: LHB José Rivera 0-0: Swinging Strike
0-1: Foul Ball, location: 2F
0-2: Strikes out looking
Top of the 1st over - 0 runs, 0 hits, 0 errors, 0 left on base; Birmingham 0 - Waba 0
BOTTOM OF THE 1ST
Waba Ducks batting - Pitching for Birmingham Barons : RHP Jeffrey Stephens
Pitching: RHP Jeffrey Stephens
Batting: RHB Jeremy Flemming 0-0: SINGLE (Groundball, 5D)
Batting: LHB Fernando Cruz 0-0: Grounds into double play, 3-6-3 (Groundball, 3)
Batting: SHB Ron Edwards 0-0: Called Strike
0-1: Swinging Strike
0-2: Foul Ball, location: 2F
0-2: SINGLE (Line Drive, 56D)
Batting: LHB Javier Orozco 0-0: Foul Ball, location: 2F
0-1: Ball
1-1: Ball
2-1: Ball
3-1: Foul Ball, location: 2F
3-2: Base on Balls
Ron Edwards to second
Batting: LHB José Rodríguez 0-0: Foul Ball, location: 2F
0-1: Fly out, F6 (Popup, 6)
Bottom of the 1st over - 0 runs, 2 hits, 0 errors, 2 left on base; Birmingham 0 - Waba 0
TOP OF THE 2ND
Birmingham Barons batting - Pitching for Waba Ducks : RHP Sang-joon Pak
Batting: RHB Bryant von Bohlen 0-0: Fly out, F8 (Flyball, 8LM)
Batting: LHB Robinson López 0-0: Called Strike
0-1: Foul Ball, location: 2F
0-2: Ball
1-2: Foul Ball, location: 2F
1-2: Ball
2-2: Strikes out swinging
Batting: RHB Carlos Vásquez 0-0: Called Strike
0-1: Ball
1-1: Called Strike
1-2: Ball
2-2: Ground out 6-3 (Groundball, 6)
Top of the 2nd over - 0 runs, 0 hits, 0 errors, 0 left on base; Birmingham 0 - Waba 0
BOTTOM OF THE 2ND
Waba Ducks batting - Pitching for Birmingham Barons : RHP Jeffrey Stephens
Batting: RHB Ángelo García 0-0: Called Strike
0-1: Called Strike
0-2: Ball
1-2: Foul Ball, location: 2F
1-2: Foul Ball, location: 2F
1-2: Foul Ball, location: 2F
1-2: Ball
2-2: Foul Ball, location: 2F
2-2: SINGLE (Line Drive, 89M)
Batting: LHB Daniel Carter 0-0: Called Strike
0-1: Ground out 4-3 (Groundball, 4MS)
Ángelo García to second
Batting: RHB Shaun Puckett 0-0: Called Strike
0-1: Ball
1-1: Fly out, F8 (Flyball, 8RM)
Batting: RHB Félix Quintero 0-0: Fly out, F8 (Flyball, 78D)
Bottom of the 2nd over - 0 runs, 1 hit, 0 errors, 1 left on base; Birmingham 0 - Waba 0
TOP OF THE 3RD
Birmingham Barons batting - Pitching for Waba Ducks : RHP Sang-joon Pak
Batting: LHB Curt Walker 0-0: Ball
1-0: Ground out 4-3 (Groundball, 4)
Batting: RHB Dave Dawson 0-0: Ball
1-0: Ball
2-0: Foul Ball, location: 2F
2-1: Swinging Strike
2-2: Ground out 3-1 (Groundball, 34)
Batting: LHB John Haney 0-0: Ball
1-0: Ball
2-0: Ball
3-0: Base on Balls
Batting: LHB Marcos Féliz 0-0: Ball
1-0: Ball
2-0: Foul Ball, location: 2F
2-1: Foul Ball, location: 2F
2-2: Ball
3-2: Reached on error, E7 (Flyball, 7)
John Haney to third
Batting: RHB Warren Martin 0-0: Foul Ball, location: 2F
0-1: Swinging Strike
0-2: Ball
1-2: Ball
2-2: Foul Ball, location: 2F
2-2: Foul Ball, location: 2F
2-2: Ball
3-2: Foul Ball, location: 2F
3-2: Fly out, F5 (Line Drive, 5)
Top of the 3rd over - 0 runs, 0 hits, 1 error, 2 left on base; Birmingham 0 - Waba 0
BOTTOM OF THE 3RD
Waba Ducks batting - Pitching for Birmingham Barons : RHP Jeffrey Stephens
Batting: RHB Jeremy Flemming 0-0: Ball
1-0: Called Strike
1-1: Swinging Strike
1-2: SINGLE (Groundball, 4M) (infield hit)
Batting: LHB Fernando Cruz 0-0: Ball
1-0: Ball
2-0: Fielders Choice at 2nd, 4-6 (Groundball, 34)
Batting: SHB Ron Edwards 0-0: Ball
1-0: Swinging Strike
1-1: Swinging Strike
1-2: Strikes out swinging
Batting: LHB Javier Orozco 0-0: Foul Ball, location: 2F
0-1: Ball
1-1: Called Strike
Fernando Cruz steals 2nd base
1-2: Ball
2-2: Fly out, F5 (Popup, 56S)
Bottom of the 3rd over - 0 runs, 1 hit, 0 errors, 1 left on base; Birmingham 0 - Waba 0
TOP OF THE 4TH
Birmingham Barons batting - Pitching for Waba Ducks : RHP Sang-joon Pak
Batting: LHB José Rivera 0-0: SINGLE (Flyball, 9S)
Batting: RHB Bryant von Bohlen 0-0: Called Strike
0-1: Foul Ball, location: 2F
0-2: Ball
1-2: Ball
2-2: Strikes out swinging
Batting: LHB Robinson López 0-0: Called Strike
0-1: Ball
1-1: Foul Ball, location: 2F
1-2: Fly out, F5 (Popup, 5SF)
Batting: RHB Carlos Vásquez 0-0: Ball
1-0: Ball
2-0: Called Strike
2-1: Called Strike
2-2: Strikes out swinging
Top of the 4th over - 0 runs, 1 hit, 0 errors, 1 left on base; Birmingham 0 - Waba 0
BOTTOM OF THE 4TH
Waba Ducks batting - Pitching for Birmingham Barons : RHP Jeffrey Stephens
Batting: LHB José Rodríguez 0-0: Ball
1-0: Ball
2-0: Foul Ball, location: 2F
2-1: Foul Ball, location: 2F
2-2: SINGLE (Groundball, 25) (infield hit)
Batting: RHB Ángelo García 0-0: Ball
1-0: Ground out 3-1 (Groundball, 34S)
José Rodríguez to second
Batting: LHB Daniel Carter 0-0: Fly out, F4 (Flyball, 4D)
Batting: RHB Shaun Puckett 0-0: Ground out 4-3 (Groundball, 4)
Bottom of the 4th over - 0 runs, 1 hit, 0 errors, 1 left on base; Birmingham 0 - Waba 0
TOP OF THE 5TH
Birmingham Barons batting - Pitching for Waba Ducks : RHP Sang-joon Pak
Batting: LHB Curt Walker 0-0: Ball
1-0: Called Strike
1-1: Ball
2-1: SINGLE (Groundball, 6MD)
Batting: RHB Dave Dawson 0-0: Ball
1-0: Ball
2-0: Called Strike
2-1: SINGLE (Groundball, 56D)
Curt Walker to second
Batting: LHB John Haney 0-0: Ball
Balk!
Curt Walker to third
Dave Dawson to second
1-0: Ball
2-0: 3-RUN HOME RUN (Line Drive, 9D), Distance : 373 ft
Batting: LHB Marcos Féliz 0-0: Ball
1-0: Ball
2-0: Ball
3-0: Called Strike
3-1: Swinging Strike
3-2: Base on Balls
Batting: RHB Warren Martin 0-0: Called Strike
Marcos Féliz steals 2nd base
0-1: Called Strike
0-2: Ball
1-2: Ball
2-2: Ball
3-2: SINGLE (Line Drive, 5D)
Marcos Féliz to third
Runner from 3rd tries for Home, SAFE, no throw
Batting: LHB José Rivera 0-0: Called Strike
0-1: Called Strike
0-2: Ball
1-2: Foul Ball, location: 2F
1-2: SINGLE (Line Drive, 3D)
Warren Martin to second
Runner from 2nd tries for 3rd, SAFE, no throw
Pitching: RHP António Mata
Batting: RHB Bryant von Bohlen 0-0: Ball
1-0: Fly out, F9 (Flyball, 89M)
Runner from 3rd tags up, SCORES, throw made
Batting: LHB Robinson López 0-0: Ball
1-0: Ball
2-0: Called Strike
2-1: Grounds into double play, 6-4-3 (Groundball, 6)
Top of the 5th over - 5 runs, 5 hits, 0 errors, 0 left on base; Birmingham 5 - Waba 0
BOTTOM OF THE 5TH
Waba Ducks batting - Pitching for Birmingham Barons : RHP Jeffrey Stephens
Batting: RHB Félix Quintero 0-0: Fly out, F5 (Popup, 5)
Batting: RHB Jeremy Flemming 0-0: Ball
1-0: Swinging Strike
1-1: Ball
2-1: Ball
3-1: Base on Balls
Batting: LHB Fernando Cruz 0-0: Fly out, F8 (Line Drive, 8RM)
Batting: SHB Ron Edwards 0-0: Called Strike
0-1: 2-RUN HOME RUN (Line Drive, 89XD), Distance : 383 ft
Batting: LHB Javier Orozco 0-0: Ball
1-0: Called Strike
1-1: Ground out U3 (Groundball, 34)
Bottom of the 5th over - 2 runs, 1 hit, 0 errors, 0 left on base; Birmingham 5 - Waba 2
TOP OF THE 6TH
Birmingham Barons batting - Pitching for Waba Ducks : RHP António Mata
Batting: RHB Carlos Vásquez 0-0: Ground out 6-3 (Groundball, 6)
Batting: LHB Curt Walker 0-0: Ball
1-0: Called Strike
1-1: Ball
2-1: Called Strike
2-2: Ball
3-2: Foul Ball, location: 2F
3-2: Foul Ball, location: 2F
3-2: Fly out, F7 (Line Drive, 7)
Batting: RHB Dave Dawson 0-0: Foul Ball, location: 2F
0-1: Ball
1-1: Swinging Strike
1-2: Ball
2-2: Foul Ball, location: 2F
2-2: SOLO HOME RUN (Flyball, 8RXD), Distance : 414 ft
Batting: LHB John Haney 0-0: Ball
1-0: Called Strike
1-1: Called Strike
1-2: Strikes out swinging
Top of the 6th over - 1 run, 1 hit, 0 errors, 0 left on base; Birmingham 6 - Waba 2
BOTTOM OF THE 6TH
Waba Ducks batting - Pitching for Birmingham Barons : RHP Jeffrey Stephens
Batting: LHB José Rodríguez 0-0: Ball
1-0: Called Strike
1-1: Ball
2-1: Ball
3-1: Base on Balls
Batting: RHB Ángelo García 0-0: Ground out 5-3 (Groundball, 56S)
José Rodríguez to second
Batting: LHB Daniel Carter 0-0: Foul Ball, location: 2F
0-1: Called Strike
José Rodríguez steals 3rd base
0-2: Strikes out swinging
Batting: RHB Shaun Puckett 0-0: Ball
1-0: Fly out, F7 (Line Drive, 7D)
Bottom of the 6th over - 0 runs, 0 hits, 0 errors, 1 left on base; Birmingham 6 - Waba 2
TOP OF THE 7TH
Birmingham Barons batting - Pitching for Waba Ducks : RHP António Mata
Batting: LHB Marcos Féliz 0-0: Foul Ball, location: 2F
0-1: Ball
1-1: Ball
2-1: Called Strike
2-2: Ball
3-2: Base on Balls
Batting: RHB Warren Martin 0-0: Ball
1-0: Sac Bunt - play at first, batter OUT! 2-4
Marcos Féliz to second
Batting: LHB José Rivera 0-0: Intentional Walk
Batting: RHB Bryant von Bohlen 0-0: Called Strike
0-1: Ball
1-1: SINGLE (Flyball, 7LM)
Marcos Féliz to third
José Rivera to second
Runner from 3rd tries for Home, SAFE, no throw
Batting: LHB Robinson López 0-0: Ball
1-0: Ball
2-0: Fly out, F8 (Flyball, 89D)
Runner from 2nd tags up, SAFE at 3rd, no throw
Batting: RHB Carlos Vásquez 0-0: Foul Ball, location: 2F
0-1: Swinging Strike
0-2: Fielders Choice at 2nd, 5-4 (Groundball, 5)
Top of the 7th over - 1 run, 1 hit, 0 errors, 2 left on base; Birmingham 7 - Waba 2
BOTTOM OF THE 7TH
Waba Ducks batting - Pitching for Birmingham Barons : RHP Jeffrey Stephens
Batting: RHB Félix Quintero 0-0: Ball
1-0: Ball
2-0: Foul Ball, location: 2F
2-1: Foul Ball, location: 2F
2-2: Ball
3-2: Ground out U3 (Groundball, 3)
Batting: RHB Jeremy Flemming 0-0: Ball
1-0: Ground out 6-3 (Groundball, 6)
Batting: LHB Fernando Cruz 0-0: SINGLE (Groundball, 6MD)
Batting: SHB Ron Edwards 0-0: Ball
1-0: Swinging Strike
1-1: Ball
2-1: Fly out, F9 (Flyball, 89M)
Bottom of the 7th over - 0 runs, 1 hit, 0 errors, 1 left on base; Birmingham 7 - Waba 2
TOP OF THE 8TH
Birmingham Barons batting - Pitching for Waba Ducks : RHP António Mata
Batting: LHB Curt Walker 0-0: SINGLE (Groundball, 4MD)
Batting: RHB Dave Dawson 0-0: Ball
1-0: Ball
2-0: Called Strike
2-1: Ball
3-1: Base on Balls
Curt Walker to second
Batting: LHB John Haney 0-0: Bunt missed!
0-1: Ball
1-1: Bunted foul
1-2: Foul Ball, location: 2F
1-2: Fly out, F7 (Flyball, 7)
Batting: LHB Marcos Féliz 0-0: Ball
1-0: Ball
2-0: Swinging Strike
2-1: SINGLE (Groundball, 56D)
Curt Walker to third
Dave Dawson to second
Runner from 3rd tries for Home, SAFE, no throw
Batting: RHB Warren Martin 0-0: Called Strike
0-1: Swinging Strike
0-2: Grounds into double play, 5-4-3 (Groundball, 56)
Top of the 8th over - 1 run, 2 hits, 0 errors, 1 left on base; Birmingham 8 - Waba 2
BOTTOM OF THE 8TH
Waba Ducks batting - Pitching for Birmingham Barons : RHP Jeffrey Stephens
Batting: LHB Javier Orozco 0-0: Ball
1-0: Swinging Strike
1-1: Ball
2-1: Ball
3-1: Foul Ball, location: 2F
3-2: Foul Ball, location: 2F
3-2: Foul Ball, location: 2F
3-2: Ground out U3 (Groundball, 34S)
Batting: LHB José Rodríguez 0-0: Ball
1-0: Ball
2-0: Foul Ball, location: 2F
2-1: Foul Ball, location: 2F
2-2: Fly out, F8 (Flyball, 8RXD)
Batting: RHB Ángelo García 0-0: Called Strike
0-1: Foul Ball, location: 2F
0-2: Foul Ball, location: 2F
0-2: DOUBLE (Line Drive, 9D)
Batting: LHB Daniel Carter 0-0: Called Strike
0-1: Foul Ball, location: 2F
0-2: Ball
1-2: 2-RUN HOME RUN (Flyball, 7LD), Distance : 342 ft
Batting: RHB Shaun Puckett 0-0: Ball
1-0: Ball
2-0: Called Strike
2-1: Fly out, F8 (Flyball, 8RD)
Bottom of the 8th over - 2 runs, 2 hits, 0 errors, 0 left on base; Birmingham 8 - Waba 4
TOP OF THE 9TH
Birmingham Barons batting - Pitching for Waba Ducks : RHP António Mata
Pitching: RHP Ángel Lara
Batting: LHB José Rivera 0-0: Called Strike
0-1: Called Strike
0-2: Strikes out looking
Batting: RHB Bryant von Bohlen 0-0: Ball
1-0: Ground out 5-3 (Groundball, 56)
Batting: LHB Robinson López 0-0: Ball
1-0: Foul Ball, location: 2F
1-1: Swinging Strike
1-2: Strikes out swinging
Top of the 9th over - 0 runs, 0 hits, 0 errors, 0 left on base; Birmingham 8 - Waba 4
BOTTOM OF THE 9TH
Waba Ducks batting - Pitching for Birmingham Barons : RHP Jeffrey Stephens
Batting: RHB Félix Quintero 0-0: Ball
1-0: Fly out, F9 (Flyball, 89XD)
Batting: RHB Jeremy Flemming 0-0: Foul Ball, location: 2F
0-1: Ball
1-1: Fly out, F9 (Flyball, 9)
Batting: LHB Fernando Cruz 0-0: Ball
1-0: SINGLE (Groundball, 34D)
Batting: SHB Ron Edwards 0-0: Called Strike
0-1: Ball
1-1: Ball
2-1: Ball
3-1: Base on Balls
Fernando Cruz to second
Batting: LHB Javier Orozco 0-0: Ball
1-0: Ball
2-0: Swinging Strike
2-1: Foul Ball, location: 2F
2-2: Ball
3-2: Fly out, F8 (Flyball, 8RD)
Bottom of the 9th over - 0 runs, 1 hit, 0 errors, 2 left on base; Birmingham 8 - Waba 4
Saturday, December 16th, 2017 - OOTP Baseball 18.8 Build 76